 Dungeon Crawl Stone Soup version 0.29-a0-334-gb41bcbb86e (webtiles) character file.

Game seed: 16660837899736127618

49 GigaChad the Slasher (level 3, 0/22 HPs)
             Began as a Gargoyle Gladiator on Apr 12, 2022.
             Was a Follower of Kikubaaqudgha.
             Slain by a gnoll
             ... wielding a +0 spear
              (2 damage)
             ... on level 2 of the Dungeon on Apr 13, 2022.
             The game lasted 00:06:56 (1647 turns).

GigaChad the Slasher (Gargoyle Gladiator)           Turns: 1647, Time: 00:06:56

Health: 0/22       AC:  7    Str: 17    XL:     3   Next: 75%
Magic:  3/3        EV: 12    Int:  8    God:    Kikubaaqudgha [*.....]
Gold:   89         SH:  5    Dex: 13    Spells: 2/2 levels left

rFire   . . .      SeeInvis +   a - +0 long sword
rCold   . . .      Faith    .   (no shield)
rNeg    + + .      Spirit   .   b - +0 leather armour
rPois   ∞          Reflect  +   c - +0 helmet
rElec   +          Harm     .   (no cloak)
rCorr   .          Rampage  .   (no gloves)
Will    .....                   (no boots)
Stlth   +.........              n - amulet of reflection
HPRegen 0.07/turn               f - ring of positive energy
MPRegen 0.08/turn               t - ring of see invisible

@: no status effects
A: sickness immunity, AC +3, negative energy resistance 1, electricity
resistance, torment resistance 1, petrification resistance
a: Renounce Religion, Receive Corpses


You were on level 2 of the Dungeon.
You worshipped Kikubaaqudgha.
Kikubaaqudgha was aware of your devotion.
You visited 1 branch of the dungeon, and saw 2 of its levels.

You collected 89 gold pieces.

Inventory:

Hand Weapons
 a - a +0 long sword (weapon)
 j - a +2 short sword of venom
Missiles
 d - 3 throwing nets (quivered)
 e - a javelin
Armour
 b - a +0 leather armour (worn)
 c - a +0 helmet (worn)
Jewellery
 f - a ring of positive energy (left hand)
 n - an amulet of reflection (around neck)
 t - a ring of see invisible (right hand)
 x - an amulet of regeneration
Scrolls
 g - 4 scrolls of identify {unknown}
 p - 3 scrolls of teleportation {unknown}
 q - a scroll of fear {unknown}
 u - a scroll of immolation {unknown}
 w - a scroll of torment {unknown}
 y - a scroll of enchant weapon {unknown}
 A - a scroll of fog {unknown}
Potions
 h - a potion of lignification {unknown}
 i - 2 potions of curing {unknown}
 k - a potion of magic {unknown}
 l - a potion of flight {unknown}
 m - a potion of haste {unknown}
 o - 3 potions of resistance {unknown}
 r - 2 potions of degeneration {unknown}
 s - a potion of berserk rage {unknown}
 v - a potion of attraction {unknown}
 z - a potion of mutation {unknown}


   Skills:
 + Level 2.4 Fighting
 + Level 3.5 Long Blades
 + Level 2.0 Throwing
 + Level 0.8 Armour
 + Level 2.7 Dodging
 + Level 0.1 Stealth


You had 2 spell levels left.
You didn't know any spells.
Your spell library contained the following spells:

 Spells                   Type           Power      Damage    Failure   Level
 Animate Skeleton         Necr           0%         N/A       45%         1
 Corpse Rot               Necr/Air       0%         N/A       61%         2
 Vampiric Draining        Necr           0%         2d6       83%         3
 Agony                    Necr           0%         N/A       100%        5


Dungeon Overview and Level Annotations

Branches:
Dungeon (2/15)

Altars:
Kikubaaqudgha


Innate Abilities, Weirdness & Mutations

You are immune to sickness and miasma.
Your stone body is resilient. (AC +3)
You are immune to poison.
You resist negative energy. (rN+)
You are resistant to electric shocks. (rElec)
You are resistant to unholy torment.
You are immune to petrification.


Message History

You hear a shout! x3
The goblin shoots a sling bullet.
The sling bullet hits you but does no damage.
The goblin shoots a sling bullet.
The sling bullet hits you.
A gnoll comes into view. It is wielding a +0 halberd.
You barely miss the goblin.
The goblin unwields a +0 hunting sling.
The goblin wields a +0 dagger.
The goblin hits you with a +0 dagger.
You barely miss the goblin. The gnoll hits you but does no damage.
The goblin hits you with a +0 dagger.
You barely miss the goblin.
The gnoll hits you from afar with a +0 halberd!
Ouch! That really hurt!
The goblin hits you with a +0 dagger.
* * * LOW HITPOINT WARNING * * *
You hit the goblin.
You kill the goblin!
Kikubaaqudgha accepts your kill. The gnoll completely misses you.
A gnoll comes into view. It is wielding a +0 spear.
The gnoll barely misses you.
The gnoll shouts!
You hear a shout! x2; You hear an angry hiss.
The gnoll hits you from afar with a +0 spear.
* * * LOW HITPOINT WARNING * * *
The gnoll hits you with a +0 halberd.
* * * LOW HITPOINT WARNING * * *
Things that are here:
a +0 dagger; a +0 hunting sling; a goblin corpse The gnoll closely misses you.
The gnoll completely misses you. The gnoll barely misses you.
Things that are here:
a +0 dagger; a +0 hunting sling; a goblin corpse You hit the gnoll but do no damage.
A worm comes into view.
The gnoll hits you with a +0 halberd.
* * * LOW HITPOINT WARNING * * *
The gnoll closely misses you.
You barely miss the gnoll.
The gnoll hits you from afar with a +0 spear.
You die...
Kikubaaqudgha rasps: "You have failed me!
Welcome... oblivion!"

## ###.......#
.######..........#
.'....#######+####
.###### .# #########
.# #.......#
#######.......#
#.............######
'...............@gg#
#.†......#########w#
#........###### ..
##............# ...
#............# ...
#............# ..
####+######### . #


You could see a worm and 2 gnolls.

Vanquished Creatures
  2 dart slugs (D:2)
  7 ball pythons
  3 bats
  2 endoplasms (D:1)
  3 giant cockroaches (D:1)
  7 goblins
  2 hobgoblins
  3 jackals (D:1)
  5 kobolds
  A frilled lizard (D:1)
  5 rats
40 creatures vanquished.

Vanquished Creatures (others)
  2 plants (D:2)
2 creatures vanquished.

Grand Total: 42 creatures vanquished

Notes
Turn   | Place    | Note
-------+----------+-------------------------------------------
     0 | D:1      | GigaChad the Gargoyle Gladiator began the quest for the
                  | Orb.
     0 | D:1      | Reached XP level 1. HP: 12/12 MP: 1/1
   125 | D:1      | Upgraded the game from 0.29-a0-330-g52719c12eb to
                  | 0.29-a0-334-gb41bcbb86e
   300 | D:1      | Reached skill level 3 in Long Blades
   301 | D:1      | Reached XP level 2. HP: 17/17 MP: 2/2
   711 | D:1      | Reached XP level 3. HP: 11/21 MP: 3/3
  1041 | D:1      | Found a faded altar of an unknown god.
  1058 | D:1      | Prayed at the altar of an unknown god.
  1058 | D:1      | Became a worshipper of Kikubaaqudgha
  1058 | D:1      | Reached * piety under Kikubaaqudgha
  1058 | D:1      | Received a gift from Kikubaaqudgha
  1647 | D:2      | Slain by a gnoll

Illustrated notes

Levels and vault maps discovered:
D:1:      ncdulo_halloftheorcs, layout_loops_cross,
          nicolae_ecumenical_snake_handling, palyth_stone_intersect,
          chequers_serial_rivers_small_3, minmay_fountain_box
D:2:      layout_basic, serial_corexii_hall, corexii_hall_statues_i,
          corexii_hall_statues_i, corexii_hall_statues_l,
          corexii_hall_statues_i, guppyfry_early_lair_pool

Skill      XL: |  1  2 |
---------------+-------+-----
Long Blades    | 3 |  3.5
Throwing       | 2 |  2.0
Fighting       | |  2.4
Armour         | |  0.8
Dodging        | |  2.7
Stealth        | |  0.1

Action                   || total
-------------------------++-------
Melee: Long sword        ||   131
       Punch             ||     1
Armor: Leather armour    ||    62
Dodge: Dodged            ||   102
Block: Other             ||    10
       Reflection        ||     2

Table legend: (Time is in decaauts)
 A = Elapsed time spent in this place.
 B = Non-inter-level travel time spent in this place.
 C = Inter-level travel time spent in this place.
 D = Time resting spent in this place.
 E = Time spent auto-exploring this place.
 F = Levels seen in this place.
 G = Mean time per level.
                   A        B        C        D        E       F      G
               +--------+--------+--------+--------+--------+-----+--------+
         Total |   1682 |   1675 |      7 |    344 |    223 |   2 |  841.0 |
       Dungeon |   1682 |   1675 |      7 |    344 |    223 |   2 |  841.0 |
               +--------+--------+--------+--------+--------+-----+--------+

Top non-repeatable levels by time:
     D:1: 1184 daAuts
     D:2: 498 daAuts
